Map: Dusk Towers

Players

FireCake - Winner!

  • Race: Zerg Zerg
  • League: Master

Serral

  • Race: Zerg Zerg
  • League: Grandmaster

Event: 2016 WCS Winter Circuit Championship

VOD

Have the link to the VOD?

Description

Time

  • Played on: March 2, 2016, 7:12 a.m.
  • Length: 13:02

All games in this series

Show
View Real Time Build Order
Export as new Build Order

FireCake Zerg - Winner!

Build Orders: Hatch First 

Get SALT Encoding   

  12  0:00  Drone  
  13  0:08  Drone  
  14  0:18  Overlord  
  14  0:22  Extractor  
  14  0:23  Drone  
  15  0:36  Drone  
  15  0:37  Drone  
  17  0:53  Hatchery  
  17  0:54  Drone  
  17  0:58  Drone  
  18  1:06  Drone  
  19  1:13  Spawning Pool  
  19  1:16  Drone  
  19  1:37  Hatchery, Drone  
  19  1:40  Extractor  
  19  1:42  Drone  
  19  2:00  Queen  
  21  2:03  Zergling x2  
  21  2:05  Queen  
  21  2:06  Drone  
  25  2:12  Overlord  
  25  2:18  Drone  
  25  2:19  Drone  
  27  2:25  Spine Crawler  
  26  2:32  Zergling x2  
  27  2:37  Queen  
  29  2:46  Metabolic Boost  
  29  2:49  Drone  
  30  2:56  Drone x3  
  33  3:04  Drone x3  
  36  3:11  Drone x3  
  39  3:16  Overlord  
  39  3:23  Drone x2  
  41  3:30  Roach Warren  
  41  3:31  Drone x2  
  42  3:39  Drone  
  42  3:40  Drone  
  43  3:42  Overlord  
  43  3:43  Drone  
  43  3:48  Drone x3  
  47  3:58  Overlord  
  47  4:00  Drone x3  
  47  4:01  Drone  
  51  4:04  Extractor  
  51  4:06  Evolution Chamber, Lair  
  49  4:12  Drone x4  
  53  4:19  Drone x4  
  53  4:20  Drone  
  53  4:21  Drone  
  59  4:27  Drone x4  
  62  4:31  Extractor  
  62  4:34  Zerg Missile Weapons Level 1  
  62  4:36  Drone x4  
  65  4:41  Extractor, Overlord  
  65  4:45  Overlord  
  64  4:53  Drone  
  64  4:56  Overlord  
  64  4:57  Overlord  
  65  5:02  Drone  
  65  5:03  Extractor, Drone x3  
  65  5:05  Glial Reconstitution  
  65  5:06  Overseer  
  68  5:07  Drone x7  
  68  5:12  Extractor  
  74  5:20  Hatchery  
  73  5:23  Roach x6  
  73  5:26  Overlord  
  73  5:27  Overlord  
  87  5:28  Roach  
  87  5:32  Roach  
  89  5:39  Overlord  
  89  5:40  Overlord  
  89  5:46  Roach x6  
  101  5:52  Overlord  
  101  5:53  Overlord x2  
  101  5:56  Roach x2  
  105  6:10  Drone x4  
  109  6:20  Extractor, Spire  
  109  6:23  Drone x3, Extractor  
  109  6:24  Drone x3  
  112  6:30  Roach x8  
  128  6:39  Spore Crawler  
  127  6:45  Overlord x4  
  126  6:49  Spore Crawler  
  126  6:50  Spore Crawler  
  126  6:51  Spore Crawler  
  117  7:07  Queen  
  101  7:31  Mutalisk x18  
  123  7:38  Mutalisk  
  123  7:42  Mutalisk  
  123  7:49  Drone  
  123  7:50  Mutalisk  
  123  7:51  Mutalisk  
  121  7:56  Hatchery  
  122  7:59  Zerg Flyer Weapons Level 1  
  122  8:00  Drone  
  122  8:01  Mutalisk  
  125  8:06  Mutalisk  
  125  8:08  Zergling x2  
  125  8:09  Zergling x28  
  125  8:12  Mutalisk  
  144  8:23  Mutalisk x2  
  148  8:32  Mutalisk x2  
  148  8:33  Mutalisk  
  150  8:36  Zergling x14  
  141  8:47  Mutalisk x3  
  147  8:49  Overlord x2  
  147  8:57  Mutalisk x2  
  151  9:09  Mutalisk x2  
  152  9:15  Mutalisk x2  
  127  9:17  Zergling x10  
  127  9:18  Zergling x16  
  127  9:23  Mutalisk  
  134  9:24  Mutalisk  
  134  9:31  Mutalisk  
  134  9:34  Zergling x2  
  134  9:35  Mutalisk  
  139  9:47  Mutalisk x3  
  139  9:49  Zergling x18  
  150  10:04  Zerg Flyer Armor Level 1  
  150  10:05  Mutalisk x2  
  148  10:09  Drone x6  
  148  10:12  Mutalisk x2  
  158  10:19  Extractor  
  157  10:23  Mutalisk, Extractor  
  157  10:24  Mutalisk  
  153  10:32  Mutalisk x2  
  153  10:34  Zergling x22  
  157  10:42  Mutalisk x2  
  159  10:51  Mutalisk x2  
  163  11:00  Mutalisk  
  163  11:01  Mutalisk  
  163  11:02  Mutalisk  
  163  11:03  Overlord  
  167  11:04  Zergling x2  
  167  11:05  Zergling x16  
  176  11:16  Mutalisk x3  
  171  11:26  Mutalisk x4  
  171  11:30  Zergling x2  
  171  11:31  Zergling x14  
  175  11:44  Mutalisk x4  
  175  11:46  Mutalisk  
  184  11:56  Mutalisk x3  
  190  12:07  Mutalisk x3  
  182  12:16  Mutalisk  
  182  12:17  Mutalisk  
  182  12:18  Zergling x2  
  182  12:19  Zergling x28  
  192  12:28  Mutalisk x3  
Show
View Real Time Build Order
Export as new Build Order

Serral Zerg 

Build Orders: Hatch First 

Get SALT Encoding   

  12  0:00  Drone  
  13  0:12  Overlord  
  13  0:17  Drone  
  14  0:31  Drone x2  
  14  0:35  Drone  
  17  0:52  Hatchery  
  17  0:54  Drone  
  17  0:58  Drone  
  17  1:03  Extractor  
  17  1:14  Spawning Pool  
  17  1:15  Drone  
  17  1:19  Drone  
  18  1:28  Drone  
  19  1:39  Overlord  
  19  2:00  Queen  
  22  2:01  Zergling x4  
  22  2:03  Metabolic Boost, Queen  
  22  2:06  Drone  
  26  2:10  Drone  
  26  2:15  Drone  
  28  2:23  Roach Warren  
  28  2:25  Drone  
  28  2:29  Drone  
  29  2:36  Drone  
  30  2:37  Drone  
  30  2:43  Overlord  
  31  2:47  Drone  
  32  2:57  Hatchery  
  31  3:01  Drone  
  31  3:02  Drone  
  31  3:04  Drone  
  34  3:08  Drone  
  34  3:09  Drone  
  34  3:11  Drone  
  37  3:16  Roach  
  37  3:18  Roach  
  41  3:20  Roach  
  41  3:23  Drone  
  44  3:28  Overlord  
  44  3:41  Overlord  
  43  3:46  Drone x4  
  47  3:49  Lair  
  47  3:51  Extractor  
  47  3:53  Extractor, Overlord  
  47  3:54  Drone x2  
  47  3:55  Drone  
  48  3:59  Drone x2  
  50  4:05  Drone  
  50  4:08  Drone  
  52  4:13  Queen  
  52  4:16  Drone x2  
  57  4:17  Drone  
  57  4:18  Drone  
  57  4:19  Drone  
  59  4:24  Overlord  
  59  4:27  Roach  
  59  4:29  Evolution Chamber  
  59  4:31  Drone x2  
  62  4:33  Drone  
  62  4:36  Drone  
  62  4:37  Drone  
  65  4:40  Drone, Extractor x2  
  64  4:46  Spire  
  64  4:47  Drone  
  64  4:50  Drone x2  
  64  4:51  Drone  
  67  4:54  Drone  
  67  4:58  Extractor, Drone x3  
  70  5:03  Drone x3  
  73  5:09  Ravager x2  
  73  5:10  Overlord, Ravager x2  
  73  5:11  Drone  
  78  5:16  Overlord  
  78  5:17  Glial Reconstitution  
  78  5:19  Overlord  
  78  5:22  Zerg Missile Weapons Level 1  
  78  5:23  Drone  
  78  5:27  Drone x2  
  81  5:30  Overlord  
  81  5:39  Drone x4  
  85  5:44  Overlord  
  85  5:54  Hatchery  
  85  5:55  Drone  
  85  5:56  Overlord x2  
  85  5:59  Mutalisk x3  
  85  6:01  Mutalisk  
  85  6:03  Mutalisk  
  95  6:05  Mutalisk  
  95  6:07  Mutalisk  
  95  6:10  Roach  
  101  6:17  Mutalisk x2  
  104  6:26  Roach x3  
  104  6:27  Roach x3  
  104  6:29  Overlord  
  116  6:34  Overlord  
  116  6:38  Roach x2  
  116  6:39  Roach x3  
  126  6:44  Zerg Flyer Armor Level 1  
  126  6:45  Roach  
  128  6:55  Overlord  
  128  6:56  Roach x2  
  128  6:57  Roach x4  
  140  7:05  Roach x3  
  146  7:10  Overlord x2  
  146  7:12  Overlord  
  146  7:14  Overlord  
  146  7:23  Roach  
  146  7:24  Roach x2  
  146  7:27  Overseer  
  151  7:35  Drone x3  
  152  7:41  Queen  
  167  7:44  Queen  
  167  7:50  Drone x5  
  174  7:52  Mutalisk x2, Extractor  
  174  7:53  Mutalisk x4  
  174  7:57  Extractor  
  170  7:59  Queen x2  
  170  8:04  Mutalisk x2  
  170  8:05  Spore Crawler  
  177  8:09  Spore Crawler  
  176  8:15  Overlord x3  
  176  8:16  Overlord  
  176  8:18  Queen  
  173  8:22  Mutalisk  
  173  8:23  Mutalisk x2  
  175  8:33  Queen  
  166  8:36  Mutalisk x2  
  166  8:37  Mutalisk  
  154  8:45  Zerg Flyer Armor Level 2  
  154  8:49  Spore Crawler, Mutalisk  
  154  8:50  Mutalisk  
  154  8:52  Spore Crawler  
  156  8:59  Mutalisk x2  
  153  9:10  Mutalisk x2  
  151  9:19  Mutalisk x2  
  147  9:30  Mutalisk x2  
  149  9:33  Queen  
  149  9:34  Queen x2  
  149  9:35  Queen  
  157  9:39  Mutalisk x2  
  160  9:48  Drone x2  
  160  9:49  Mutalisk x2  
  164  9:57  Extractor  
  164  9:58  Drone x3  
  161  10:01  Mutalisk x2  
  159  10:13  Mutalisk  
  159  10:14  Mutalisk x2  
  159  10:20  Queen x3  
  169  10:32  Mutalisk x4  
  149  10:41  Mutalisk x2  
  137  10:43  Zergling x10  
  142  10:51  Mutalisk x2  
  145  10:59  Mutalisk x2  
  143  11:04  Spore Crawler  
  136  11:15  Mutalisk x3  
  120  11:36  Mutalisk  
  120  11:37  Mutalisk x3  
  119  11:41  Extractor  
  118  11:47  Zergling x2  
  118  11:48  Zergling x14  
  118  11:52  Queen  
  128  11:55  Mutalisk x2  
  128  11:56  Mutalisk x2  
  128  11:57  Extractor  
  131  12:13  Mutalisk x3  
  123  12:20  Overlord  
  108  12:23  Mutalisk x2  
  104  12:35  Mutalisk  
Tags
 
Add a new tag
Caveats
  • Supply blocks, unpowered buildings, or Contaminate may cause inaccurate times.
  • Supply counts are checked every 10 seconds.